| TOP OF THE 1ST |
|
Rocky Mount Leafs batting - Pitching for Winston-Salem Spirits : LHP Chuck Hensley
|
|
Pitching: LHP Chuck Hensley
|
|
|
Batting: LHB Oscar Ramirez
|
0-0: Fly out, F3 (Popup, 3F, EV 73.8 MPH)
|
|
Batting: RHB Alex Sanchez
|
0-0: Ball 1-0: Ball 2-0: Foul Ball, location: 2F 2-1: Foul Ball, location: 2F 2-2: Foul Ball, location: 2F 2-2: Ball 3-2: Ground out 6-3 (Groundball, 6M, EV 80.6 MPH)
|
|
Batting: RHB Joseph Scherger
|
0-0: Ball 1-0: Ball 2-0: Ball 3-0: Called Strike 3-1: Base on Balls
|
|
Batting: LHB Larry Ray
|
0-0: Ball 1-0: Called Strike 1-1: Ball 2-1: Swinging Strike 2-2: Ball 3-2: Base on Balls Joseph Scherger to second
|
|
Batting: RHB Glen Bockhorn
|
0-0: Ball 1-0: Ball 2-0: Ball 3-0: Called Strike 3-1: Called Strike 3-2: Foul Ball, location: 2F 3-2: Foul Ball, location: 2F 3-2: Fly out, F7 (Flyball, 7S, EV 93.1 MPH)
|
| Top of the 1st over - 0 runs, 0 hits, 0 errors, 2 left on base; Rocky Mount 0 - Winston-Salem 0 |
| BOTTOM OF THE 1ST |
|
Winston-Salem Spirits batting - Pitching for Rocky Mount Leafs : RHP Gerald Kennedy
|
|
Pitching: RHP Gerald Kennedy
|
|
|
Batting: SHB Frank Diaz
|
0-0: Ball 1-0: SINGLE (Line Drive, 7S, EV 98.8 MPH)
|
|
Batting: RHB Brad Fischer
|
0-0: Ball 1-0: Ball 2-0: Grounds into double play, 6-4-3 (Groundball, 6, EV 84.4 MPH)
|
|
Batting: RHB Gregory Key
|
0-0: Foul Ball, location: 2F 0-1: Called Strike 0-2: Ball 1-2: Ball 2-2: Ground out 6-3 (Groundball, 6, EV 90.6 MPH)
|
| Bottom of the 1st over - 0 runs, 1 hit, 0 errors, 0 left on base; Rocky Mount 0 - Winston-Salem 0 |
| TOP OF THE 2ND |
|
Rocky Mount Leafs batting - Pitching for Winston-Salem Spirits : LHP Chuck Hensley
|
|
Batting: RHB Sergio Loya
|
0-0: Ball 1-0: SINGLE (Groundball, 6S, EV 72.5 MPH) (infield hit)
|
|
Batting: RHB Blane McDonald
|
0-0: Ball 1-0: Called Strike 1-1: Ball 2-1: DOUBLE (Line Drive, 9LD, EV 113.8 MPH) Sergio Loya to third
|
|
Batting: RHB Ricardo Villasenor
|
0-0: Swinging Strike 0-1: Fly out, F9 (Line Drive, 9, EV 93.8 MPH)
|
|
Batting: RHB Todd Cruz
|
0-0: Foul Ball, location: 2F 0-1: Fly out, F9 (Line Drive, 9, EV 93.1 MPH)
|
|
Batting: LHB Oscar Ramirez
|
0-0: Called Strike 0-1: Ball 1-1: Ball 2-1: Ball 3-1: Called Strike 3-2: Base on Balls
|
|
Batting: RHB Alex Sanchez
|
0-0: Foul Ball, location: 2F 0-1: Ball 1-1: Called Strike 1-2: Ball 2-2: Ball 3-2: Foul Ball, location: 2F 3-2: Foul Ball, location: 2F 3-2: Ground out 4-3 (Groundball, 4, EV 90.6 MPH)
|
| Top of the 2nd over - 0 runs, 2 hits, 0 errors, 3 left on base; Rocky Mount 0 - Winston-Salem 0 |
| BOTTOM OF THE 2ND |
|
Winston-Salem Spirits batting - Pitching for Rocky Mount Leafs : RHP Gerald Kennedy
|
|
Batting: SHB Danny Montero
|
0-0: Called Strike 0-1: Ball 1-1: Ball 2-1: Foul Ball, location: 2F 2-2: Ground out 5-3 (Groundball, 5L, EV 93.8 MPH)
|
|
Batting: RHB Angelo Ross
|
0-0: Called Strike 0-1: Called Strike 0-2: Ball 1-2: Foul Ball, location: 2F 1-2: Ball 2-2: SINGLE (Groundball, 6MD, EV 103.1 MPH)
|
|
Batting: RHB Bruce Benedict
|
0-0: Ball 1-0: DOUBLE (Flyball, 78D, EV 114.4 MPH) Angelo Ross to third Runner from 3rd tries for Home, SAFE, no throw by CF
|
|
Batting: RHB Larry Reasonover
|
0-0: Called Strike 0-1: Foul Ball, location: 2F 0-2: Foul Ball, location: 2F 0-2: Ball 1-2: Ball 2-2: Foul Ball, location: 2F 2-2: Ball 3-2: Ground out U3 (Groundball, 34, EV 106.9 MPH) Bruce Benedict to third
|
|
Batting: RHB Ell Roberson
|
0-0: Ball 1-0: Ball 2-0: Ball 3-0: Swinging Strike 3-1: Ground out 5-3 (Groundball, 56, EV 85.0 MPH)
|
| Bottom of the 2nd over - 1 run, 2 hits, 0 errors, 1 left on base; Rocky Mount 0 - Winston-Salem 1 |
| TOP OF THE 3RD |
|
Rocky Mount Leafs batting - Pitching for Winston-Salem Spirits : LHP Chuck Hensley
|
|
Batting: RHB Joseph Scherger
|
0-0: Ball 1-0: Fly out, F6 (Popup, P, EV 81.9 MPH)
|
|
Batting: LHB Larry Ray
|
0-0: Ball 1-0: Fly out, F9 (Flyball, 9LS, EV 90.6 MPH)
|
|
Batting: RHB Glen Bockhorn
|
0-0: Ground out 6-3 (Groundball, 6, EV 86.3 MPH)
|
| Top of the 3rd over - 0 runs, 0 hits, 0 errors, 0 left on base; Rocky Mount 0 - Winston-Salem 1 |
| BOTTOM OF THE 3RD |
|
Winston-Salem Spirits batting - Pitching for Rocky Mount Leafs : RHP Gerald Kennedy
|
|
Batting: RHB Kelly Miller
|
0-0: Ball 1-0: Called Strike 1-1: Swinging Strike 1-2: Ground out 1-3 (Groundball, 13, EV 75.6 MPH)
|
|
Batting: SHB Frank Diaz
|
0-0: Called Strike 0-1: Ball 1-1: Foul Ball, location: 2F 1-2: SINGLE (Groundball, 6MS, EV 70.0 MPH) (infield hit)
|
|
Batting: RHB Brad Fischer
|
0-0: Called Strike 0-1: Ball 1-1: Swinging Strike 1-2: Foul Ball, location: 2F 1-2: Foul Ball, location: 2F 1-2: Fielders Choice at 2nd, 2-4 (Groundball, 15S, EV 68.8 MPH)
|
|
Batting: RHB Gregory Key
|
0-0: SINGLE (Groundball, 6MD, EV 101.3 MPH) Brad Fischer to second Runner from 2nd tries for 3rd, SAFE, throw by CF made to third
|
|
Batting: SHB Danny Montero
|
0-0: Called Strike 0-1: Fly out, F6 (Flyball, 56D, EV 90.0 MPH)
|
| Bottom of the 3rd over - 0 runs, 2 hits, 0 errors, 2 left on base; Rocky Mount 0 - Winston-Salem 1 |
| TOP OF THE 4TH |
|
Rocky Mount Leafs batting - Pitching for Winston-Salem Spirits : LHP Chuck Hensley
|
|
Batting: RHB Sergio Loya
|
0-0: Ball 1-0: Reached on error, E1 (Groundball, 34S, EV 69.4 MPH)
|
|
Batting: RHB Blane McDonald
|
0-0: Ground out 4-3 (Groundball, 4, EV 82.5 MPH) Sergio Loya to third
|
|
Batting: RHB Ricardo Villasenor
|
0-0: Called Strike 0-1: Ground out 5-3 (Groundball, 56, EV 85.0 MPH)
|
|
Batting: RHB Todd Cruz
|
0-0: Ball 1-0: Swinging Strike 1-1: Foul Ball, location: 2F 1-2: Fly out, F7 (Line Drive, 7, EV 109.4 MPH)
|
| Top of the 4th over - 0 runs, 0 hits, 1 error, 1 left on base; Rocky Mount 0 - Winston-Salem 1 |
| BOTTOM OF THE 4TH |
|
Winston-Salem Spirits batting - Pitching for Rocky Mount Leafs : RHP Gerald Kennedy
|
|
Batting: RHB Angelo Ross
|
0-0: Ground out 3-1 (Groundball, 34S, EV 85.6 MPH)
|
|
Batting: RHB Bruce Benedict
|
0-0: Fly out, F9 (Flyball, 9, EV 76.3 MPH)
|
|
Batting: RHB Larry Reasonover
|
0-0: Ball 1-0: Foul Ball, location: 2F 1-1: Ball 2-1: Foul Ball, location: 2F 2-2: Fly out, F8 (Flyball, 8RD, EV 101.9 MPH)
|
| Bottom of the 4th over - 0 runs, 0 hits, 0 errors, 0 left on base; Rocky Mount 0 - Winston-Salem 1 |
| TOP OF THE 5TH |
|
Rocky Mount Leafs batting - Pitching for Winston-Salem Spirits : LHP Chuck Hensley
|
|
Batting: LHB Oscar Ramirez
|
0-0: Called Strike 0-1: Swinging Strike 0-2: Ball 1-2: Strikes out swinging
|
|
Batting: RHB Alex Sanchez
|
0-0: Called Strike 0-1: Fly out, F8 (Flyball, 8RXD, EV 85.0 MPH)
|
|
Batting: RHB Joseph Scherger
|
0-0: Ball 1-0: Ball 2-0: Ball 3-0: Base on Balls
|
|
Batting: LHB Larry Ray
|
0-0: Ball 1-0: Ball 2-0: Ground out 1-3 (Groundball, 15S, EV 75.0 MPH)
|
| Top of the 5th over - 0 runs, 0 hits, 0 errors, 1 left on base; Rocky Mount 0 - Winston-Salem 1 |
| BOTTOM OF THE 5TH |
|
Winston-Salem Spirits batting - Pitching for Rocky Mount Leafs : RHP Gerald Kennedy
|
|
Batting: RHB Ell Roberson
|
0-0: Foul Ball, location: 2F 0-1: Ball 1-1: Foul Ball, location: 2F 1-2: Ball 2-2: Foul Ball, location: 2F 2-2: Ground out U3 (Groundball, 23, EV 85.6 MPH)
|
|
Batting: RHB Kelly Miller
|
0-0: SINGLE (Groundball, 34D, EV 109.4 MPH)
|
|
Batting: SHB Frank Diaz
|
0-0: Called Strike 0-1: Fly out, F7 (Flyball, 78D, EV 97.5 MPH)
|
|
Batting: RHB Brad Fischer
|
0-0: Called Strike Kelly Miller is caught stealing 2nd base 2-4
|
| Bottom of the 5th over - 0 runs, 1 hit, 0 errors, 0 left on base; Rocky Mount 0 - Winston-Salem 1 |
| TOP OF THE 6TH |
|
Rocky Mount Leafs batting - Pitching for Winston-Salem Spirits : LHP Chuck Hensley
|
|
Batting: RHB Glen Bockhorn
|
0-0: Ball 1-0: Swinging Strike 1-1: Foul Ball, location: 2F 1-2: Ball 2-2: Ball 3-2: Foul Ball, location: 2F 3-2: Fly out, F7 (Flyball, 7D, EV 96.3 MPH)
|
|
Batting: RHB Sergio Loya
|
0-0: Fly out, F7 (Flyball, 78D, EV 104.4 MPH)
|
|
Batting: RHB Blane McDonald
|
0-0: Ball 1-0: Ball 2-0: Reached on error, E6 (Groundball, 6, EV 80.6 MPH)
|
|
Batting: RHB Ricardo Villasenor
|
0-0: Ball 1-0: SINGLE (Groundball, 34D, EV 103.8 MPH) Blane McDonald to third Runner from 3rd tries for Home, SAFE, throw by RF to home
|
|
Batting: RHB Todd Cruz
|
0-0: Ball 1-0: Ball 2-0: Ball 3-0: Ground out 5-3 (Groundball, 56S, EV 84.4 MPH)
|
| Top of the 6th over - 1 run, 1 hit, 1 error, 1 left on base; Rocky Mount 1 - Winston-Salem 1 |
| BOTTOM OF THE 6TH |
|
Winston-Salem Spirits batting - Pitching for Rocky Mount Leafs : RHP Gerald Kennedy
|
|
Pitching: RHP Russell Crawford
|
|
|
Batting: RHB Brad Fischer
|
0-0: Ball 1-0: Fly out, F8 (Line Drive, 8LM, EV 94.4 MPH)
|
|
Batting: RHB Gregory Key
|
0-0: Called Strike 0-1: Swinging Strike 0-2: Ball 1-2: Ball 2-2: Strikes out looking
|
|
Batting: SHB Danny Montero
|
0-0: Fly out, F9 (Flyball, 9D, EV 103.1 MPH)
|
| Bottom of the 6th over - 0 runs, 0 hits, 0 errors, 0 left on base; Rocky Mount 1 - Winston-Salem 1 |
| TOP OF THE 7TH |
|
Rocky Mount Leafs batting - Pitching for Winston-Salem Spirits : LHP Chuck Hensley
|
|
Batting: LHB Oscar Ramirez
|
0-0: Ball 1-0: Called Strike 1-1: Ball 2-1: Fly out, F9 (Flyball, 89S, EV 84.4 MPH)
|
|
Batting: RHB Alex Sanchez
|
0-0: Foul Ball, location: 2F 0-1: Swinging Strike 0-2: Ball 1-2: Ball 2-2: SINGLE (Line Drive, 6D, EV 96.9 MPH)
|
|
Batting: RHB Joseph Scherger
|
0-0: Ball 1-0: Foul Ball, location: 2F 1-1: Swinging Strike 1-2: Grounds into double play, 1-6-3 (Groundball, 34S, EV 62.5 MPH)
|
| Top of the 7th over - 0 runs, 1 hit, 0 errors, 0 left on base; Rocky Mount 1 - Winston-Salem 1 |
| BOTTOM OF THE 7TH |
|
Winston-Salem Spirits batting - Pitching for Rocky Mount Leafs : RHP Russell Crawford
|
|
Batting: RHB Angelo Ross
|
0-0: Ball 1-0: Ball 2-0: Ball 3-0: Called Strike 3-1: Base on Balls
|
|
Batting: RHB Bruce Benedict
|
0-0: Ball 1-0: Foul Ball, location: 2F 1-1: Called Strike 1-2: Ball 2-2: Foul Ball, location: 2F 2-2: Ball 3-2: Base on Balls Angelo Ross to second
|
|
Batting: RHB Larry Reasonover
|
0-0: Swinging Strike 0-1: Called Strike Angelo Ross steals 3rd base Bruce Benedict to second 0-2: Foul Ball, location: 2F 0-2: Ball 1-2: Ball 2-2: Strikes out swinging
|
|
Batting: RHB Ell Roberson
|
0-0: Intentional Walk
|
|
Batting: RHB Kelly Miller
|
0-0: Foul Ball, location: 2F 0-1: Swinging Strike 0-2: Ball 1-2: Ball 2-2: Ball 3-2: Fly out, F8 (Line Drive, 8LM, EV 88.8 MPH) Runner from 3rd tags up, SCORES, no throw by CF
|
|
Batting: SHB Frank Diaz
|
0-0: Ball 1-0: Fielders Choice at 2nd, U4 (Groundball, 4M, EV 101.9 MPH)
|
| Bottom of the 7th over - 1 run, 0 hits, 0 errors, 2 left on base; Rocky Mount 1 - Winston-Salem 2 |
| TOP OF THE 8TH |
|
Rocky Mount Leafs batting - Pitching for Winston-Salem Spirits : LHP Chuck Hensley
|
|
Batting: LHB Larry Ray
|
0-0: Foul Ball, location: 2F 0-1: Foul Ball, location: 2F 0-2: Fly out, F8 (Flyball, 8LXD, EV 78.8 MPH)
|
|
Batting: RHB Glen Bockhorn
|
0-0: Foul Ball, location: 2F 0-1: Swinging Strike 0-2: Foul Ball, location: 2F 0-2: Ball 1-2: Ball 2-2: Fly out, F9 (Flyball, 9, EV 89.4 MPH)
|
|
Batting: RHB Sergio Loya
|
0-0: Called Strike 0-1: Ball 1-1: Ground out 4-3 (Groundball, 34S, EV 78.1 MPH)
|
| Top of the 8th over - 0 runs, 0 hits, 0 errors, 0 left on base; Rocky Mount 1 - Winston-Salem 2 |
| BOTTOM OF THE 8TH |
|
Winston-Salem Spirits batting - Pitching for Rocky Mount Leafs : RHP Russell Crawford
|
|
Batting: RHB Brad Fischer
|
0-0: SINGLE (Line Drive, 78M, EV 95.6 MPH)
|
|
Batting: RHB Gregory Key
|
0-0: Ball 1-0: Called Strike 1-1: Fly out, F4 (Line Drive, 4, EV 64.4 MPH)
|
|
Pitching: RHP Ramon Murillo
|
|
|
Batting: SHB Danny Montero
|
0-0: Called Strike 0-1: Called Strike 0-2: Ball 1-2: Strikes out swinging
|
|
Batting: RHB Angelo Ross
|
0-0: Ground out 4-3 (Groundball, 34, EV 99.4 MPH)
|
| Bottom of the 8th over - 0 runs, 1 hit, 0 errors, 1 left on base; Rocky Mount 1 - Winston-Salem 2 |
| TOP OF THE 9TH |
|
Rocky Mount Leafs batting - Pitching for Winston-Salem Spirits : LHP Chuck Hensley
|
|
Pitching: RHP Ray Williams
|
|
|
Batting: RHB Blane McDonald
|
0-0: Called Strike 0-1: Foul Ball, location: 2F 0-2: Fly out, F9 (Flyball, 89S, EV 85.0 MPH)
|
|
Batting: RHB Ricardo Villasenor
|
0-0: Ball 1-0: Foul Ball, location: 2F 1-1: Swinging Strike 1-2: SINGLE (Groundball, 6D, EV 95.6 MPH)
|
|
Pinch Hitting: RHB James Camacho
|
0-0: Ball 1-0: Ball 2-0: Ball 3-0: Base on Balls Ricardo Villasenor to second
|
|
Batting: LHB Oscar Ramirez
|
0-0: Fly out, F3 (Popup, 3F, EV 69.4 MPH)
|
|
Batting: RHB Alex Sanchez
|
0-0: Ball 1-0: Ball 2-0: Ball 3-0: Called Strike 3-1: Called Strike 3-2: Foul Ball, location: 2F 3-2: SINGLE (Line Drive, 89S, EV 98.1 MPH) Ricardo Villasenor to third James Camacho to second Ricardo Villasenor scores James Camacho to third
|
|
Batting: RHB Joseph Scherger
|
0-0: Ball 1-0: Foul Ball, location: 2F 1-1: Swinging Strike 1-2: Strikes out swinging
|
| Top of the 9th over - 1 run, 2 hits, 0 errors, 2 left on base; Rocky Mount 2 - Winston-Salem 2 |
| BOTTOM OF THE 9TH |
|
Winston-Salem Spirits batting - Pitching for Rocky Mount Leafs : RHP Ramon Murillo
|
|
Now at 2B: James Camacho
|
|
|
Pinch Hitting: SHB Mark Wiesler
|
0-0: Called Strike 0-1: Foul Ball, location: 2F 0-2: Ball 1-2: Ground out U3 (Groundball, 3, EV 83.8 MPH)
|
|
Batting: RHB Larry Reasonover
|
0-0: DOUBLE (Flyball, 8LXD, EV 100.6 MPH)
|
|
Batting: RHB Ell Roberson
|
0-0: Intentional Walk
|
|
Batting: RHB Kelly Miller
|
0-0: Bunt missed! 0-1: Sac Bunt to 15 - play at first, batter OUT! 1-4 Larry Reasonover to third Ell Roberson to second
|
|
Batting: SHB Frank Diaz
|
0-0: Intentional Walk
|
|
Batting: RHB Brad Fischer
|
0-0: Called Strike 0-1: Ball 1-1: Called Strike 1-2: Foul Ball, location: 2F 1-2: Ball 2-2: Strikes out swinging
|
| Bottom of the 9th over - 0 runs, 1 hit, 0 errors, 3 left on base; Rocky Mount 2 - Winston-Salem 2 |
| TOP OF THE 10TH |
|
Rocky Mount Leafs batting - Pitching for Winston-Salem Spirits : RHP Ray Williams
|
|
Pitching: RHP David Trout
|
|
|
Now at C: Buddy Bailey
|
|
|
Batting: LHB Larry Ray
|
0-0: Called Strike 0-1: Foul Ball, location: 2F 0-2: Ball 1-2: Ball 2-2: Strikes out swinging
|
|
Batting: RHB Glen Bockhorn
|
0-0: Called Strike 0-1: Foul Ball, location: 2F 0-2: Strikes out swinging
|
|
Batting: RHB Sergio Loya
|
0-0: Foul Ball, location: 2F 0-1: Ground out 5-3 (Groundball, 5, EV 81.3 MPH)
|
| Top of the 10th over - 0 runs, 0 hits, 0 errors, 0 left on base; Rocky Mount 2 - Winston-Salem 2 |
| BOTTOM OF THE 10TH |
|
Winston-Salem Spirits batting - Pitching for Rocky Mount Leafs : RHP Ramon Murillo
|
|
Pitching: RHP Edgar Cruz
|
|
|
Batting: RHB Gregory Key
|
0-0: Called Strike 0-1: Called Strike 0-2: Ball 1-2: Ball 2-2: Ball 3-2: Base on Balls
|
|
Batting: SHB Danny Montero
|
0-0: Ball Gregory Key steals 2nd base 1-0: Intentional Walk
|
|
Batting: RHB Angelo Ross
|
0-0: Ball 1-0: Foul Ball, location: 2F 1-1: Ball 2-1: Ball 3-1: Base on Balls Gregory Key to third Danny Montero to second
|
|
Batting: RHB Buddy Bailey
|
0-0: Foul Ball, location: 2F 0-1: Ball 1-1: Foul Ball, location: 2F 1-2: Strikes out looking
|
|
Batting: RHB Larry Reasonover
|
0-0: Ball 1-0: Ball 2-0: Called Strike 2-1: Grounds into fielders choice 4-2 (Groundball, 4, EV 104.4 MPH) Danny Montero to third Angelo Ross to second
|
|
Batting: RHB Ell Roberson
|
0-0: Called Strike 0-1: Reached on error, E3 (Flyball, 3D, EV 91.9 MPH) Danny Montero scores
|
| Bottom of the 10th over - 1 run, 0 hits, 1 error, 0 left on base; Rocky Mount 2 - Winston-Salem 3 |
| GAME OVER ... WINSTON |
|
Salem defeats Rocky Mount, 3 to 2
|
|
|